 Dungeon Crawl Stone Soup version 0.21.1-1-g345015f (webtiles) character file.

261 empire the Covered (level 5, 0/45 HPs)
             Began as a Minotaur Fighter on May 25, 2018.
             Slain by an ogre
             ... wielding a +0 giant club
              (19 damage)
             ... on level 4 of the Dungeon.
             The game lasted 00:03:03 (2392 turns).

empire the Covered (Minotaur Fighter)               Turns: 2392, Time: 00:03:04

Health: 0/45       AC:  7    Str: 21    XL:     5   Next: 96%
Magic:  4/4        EV:  7    Int:  5    God:
Gold:   195        SH:  9    Dex: 10    Spells: 4/4 levels left

rFire    . . .     SeeInvis .   a - +0 long sword
rCold    . . .     Gourm    .   c - +0 shield
rNeg     . . .     Faith    .   b - +0 scale mail
rPois    .         Spirit   .   (helmet restricted)
rElec    .         Reflect  .   (no cloak)
rCorr    .         Harm     .   (no gloves)
MR       .....                  (no boots)
Stlth    ..........             (no amulet)
HPRegen  0.15/turn              (no ring)
MPRegen  0.09/turn              (no ring)

@: no status effects
A: retaliatory headbutt, horns 2
a: no special abilities


You were on level 4 of the Dungeon.
You were hungry.

You visited 1 branch of the dungeon, and saw 4 of its levels.

You collected 195 gold pieces.

Inventory:

Hand Weapons
 a - a +0 long sword (weapon)
 d - a +0 scythe
 v - a cursed -1 flail
Armour
 b - a +0 scale mail (worn)
 c - a +0 shield (worn)
Jewellery
 i - a cursed ring of loudness {unknown}
 l - an uncursed ring of wizardry {unknown}
 q - a cursed ring of teleportation {unknown}
 s - an uncursed ring of magical power {unknown}
Scrolls
 e - a scroll of remove curse {unknown}
 g - 2 scrolls of identify {unknown}
 j - a scroll of random uselessness {unknown}
 k - a scroll of enchant armour {unknown}
 n - 2 scrolls of teleportation {unknown}
 o - a scroll of immolation {unknown}
 t - a scroll of magic mapping {unknown}
 y - a scroll of blinking {unknown}
Potions
 h - a potion of agility
 m - a potion of cancellation {unknown}
 p - a potion of heal wounds {unknown}
 r - a potion of resistance {unknown}
 u - a potion of invisibility {unknown}
 x - a potion of lignification {unknown}
Comestibles
 f - 10 rations


   Skills:
 - Level 3.6 Fighting
 + Level 5.6 Long Blades
 + Level 6.2 Armour
 - Level 3.6 Shields


You had 4 spell levels left.
You didn't know any spells.

Dungeon Overview and Level Annotations

Branches:
Dungeon (4/15)
 Temple: D:4-7

Altars:
Zin


Innate Abilities, Weirdness & Mutations

You reflexively headbutt those who attack you in melee.
You have a pair of horns on your head.


Message History

The ogre is moderately wounded.
The ogre closely misses you.
Your shield and scale mail prevent you from hitting the ogre.
The ogre is moderately wounded.
The adder bites you but does no damage. The ogre closely misses you.
You riposte.
Your shield and scale mail prevent you from hitting the ogre.
Your headbutt misses the ogre.
The ogre is lightly wounded.
You hit the ogre but do no damage.
The ogre is lightly wounded.
The adder bites you but does no damage. The ogre hits you with a giant club!
You block the adder's attack.
You hit the ogre but do no damage.
The ogre is lightly wounded.
The adder bites you but does no damage. The ogre hits you with a giant club.
You hit the ogre.
The ogre is moderately wounded.
You block the adder's attack. The ogre hits you with a giant club!!
You die...

. ...
.....####+#.##.
......S@.......
......O......#.
...##........#
. #..........
...........
###.........
#.........
..........


You could see an ogre and an adder.

Vanquished Creatures
  Sigmund (D:3)
  6 adders
  A worm (D:2)
  2 dart slugs (D:1)
  2 leopard geckos (D:1)
  An orc (D:3)
  4 ball pythons
  4 bats
  4 giant cockroaches
  7 goblins
  4 hobgoblins
  2 frilled lizards
  8 kobolds
  7 rats
53 creatures vanquished.

Vanquished Creatures (others)
  A giant cockroach (D:3)
1 creature vanquished.

Grand Total: 54 creatures vanquished

Notes
Turn   | Place    | Note
-------+----------+-------------------------------------------
     0 | D:1      | empire the Minotaur Fighter began the quest for the Orb.
     0 | D:1      | Reached XP level 1. HP: 19/19 MP: 0/0
   211 | D:1      | Reached skill level 4 in Armour
   211 | D:1      | Reached XP level 2. HP: 26/26 MP: 1/1
   736 | D:2      | Reached XP level 3. HP: 31/31 MP: 2/2
  1029 | D:2      | Found a glowing silver altar of Zin.
  1154 | D:2      | Reached XP level 4. HP: 30/39 MP: 3/3
  1455 | D:2      | Reached skill level 5 in Armour
  1639 | D:3      | Noticed Sigmund
  1660 | D:3      | Killed Sigmund
  1660 | D:3      | Reached skill level 5 in Long Blades
  1660 | D:3      | Reached skill level 6 in Armour
  1660 | D:3      | Reached XP level 5. HP: 6/45 MP: 4/4
  2374 | D:4      | Noticed an ogre
  2392 | D:4      | Slain by an ogre

Skill      XL: |  1  2  3  4 |
---------------+-------------+-----
Armour         | 4 6 |  6.2
Long Blades    | 3 4 5 |  5.6
Fighting       | |  3.6
Shields        | |  3.6

Action                   |  1- 3 |  4- 6 || total
-------------------------+-------+-------++-------
Melee: Long sword        |    92 |    62 ||   154
       Headbutt          |    11 |     7 ||    18
  Use: Potion            |       |     2 ||     2
  Eat: Chunk             |     1 |     3 ||     4
Armor: Scale mail        |    39 |    26 ||    65
Dodge: Dodged            |    45 |    18 ||    63
Block: Shield            |    59 |    30 ||    89
       Rpst.: Long sword |    10 |     4 ||    14
